 Dungeon Crawl Stone Soup version 0.26-a0-438-g4b1dca4f87 (webtiles) character file.

Game seed: 11690910955721529379

1906 KristoblXynda the Grappler (level 8, -8/67 HPs)
             Began as a Troll Hedge Wizard on July 26, 2020.
             Was an Initiate of Ashenzari.
             Killed by divine providence
             ... invoked by an orc priest
              (14 damage)
             ... on level 7 of the Dungeon.
             The game lasted 00:08:09 (4975 turns).

KristoblXynda the Grappler (Troll Hedge Wizard)     Turns: 4975, Time: 00:08:10

Health: -8/67      AC: 10    Str: 19    XL:     8   Next: 94%
Magic:  10/10      EV: 10    Int: 12    God:    Ashenzari [......]
Gold:   279        SH:  5    Dex:  9    Spells: 7/11 levels left

rFire    . . .     SeeInvis .     - Unarmed
rCold    . . .     Faith    .   (no shield)
rNeg     . . .     Spirit   .   A - +2 robe {MR+}
rPois    .         Reflect  +   c - +1 hat
rElec    .         Harm     .   B - +0 cloak
rCorr    .                      (gloves unavailable)
MR       +....                  (boots unavailable)
Stlth    ++........             v - amulet of reflection (curse)
HPRegen  0.61/turn              (no ring)
MPRegen  0.12/turn              y - ring of stealth

@: no status effects
A: large, unfitting armour, claws 3, regeneration 1, shaggy fur 1, tough skin 3
a: Curse Item, Renounce Religion


You were on level 7 of the Dungeon.
You worshipped Ashenzari.
Ashenzari was noncommittal.
You visited 2 branches of the dungeon, and saw 8 of its levels.

You collected 279 gold pieces.

Inventory:

Armour
 c - a +1 hat (worn)
 i - a +0 kite shield
 A - a +2 robe of magic resistance (worn)
 B - a +0 cloak (worn)
Jewellery
 v - a cursed amulet of reflection (around neck)
 y - a ring of stealth (right claw)
Wands
 t - a wand of iceblast (9)
Scrolls
 a - 2 scrolls of blinking
 d - a scroll of immolation
 e - 2 scrolls of amnesia
 f - a scroll of magic mapping {unknown}
 h - a scroll of enchant weapon {unknown}
 o - 3 scrolls of remove curse
 p - 5 scrolls of enchant armour
 u - a scroll of fog
 w - a scroll of teleportation
Potions
 b - a potion of brilliance {unknown}
 g - 2 potions of resistance
 j - a potion of stabbing {unknown}
 k - 2 potions of might
 l - 2 potions of mutation {unknown}
 n - 2 potions of lignification
 r - a potion of ambrosia {unknown}
 s - 3 potions of flight
 x - a potion of heal wounds {unknown}
 z - a potion of invisibility {unknown}
 C - 2 potions of curing {unknown}


   Skills:
 - Level 1.5 Dodging
 - Level 1.0 Stealth
 + Level 8.1 Unarmed Combat
 - Level 2.0 Spellcasting
 + Level 6.2 Conjurations
   Level 0.6 Summonings
   Level 0.6 Translocations


You had 7 spell levels left.
You knew the following spells:

 Your Spells              Type           Power        Failure   Level
a - Magic Dart            Conj           ###.         1%          1
b - Mephitic Cloud        Conj/Pois/Air  #.......     34%         3

Your spell library contained the following spells:

 Spells                   Type           Power        Failure   Level
 Foxfire                  Conj/Fire      #...         8%          1
 Conjure Flame            Conj/Fire      #.......     22%         3
 Stone Arrow              Conj/Erth      #.....       22%         3
 Sandblast                Erth           #.....       26%         1
 Blink                    Tloc           N/A          32%         2
 Call Imp                 Summ           #.......     32%         2
 Passwall                 Tmut/Erth      #.......     38%         2
 Slow                     Hex            #.......     38%         2
 Sticky Flame             Conj/Fire      #.......     58%         4
 Inner Flame              Hex/Fire       #.......     63%         3
 Fireball                 Conj/Fire      #.........   91%         5
 Petrify                  Tmut/Erth      #.......     95%         4
 Lee's Rapid Deconstruct  Erth           #.........   100%        5


Dungeon Overview and Level Annotations

Branches:
Dungeon (7/15)             Temple (1/1) D:6

Altars:
Ashenzari
Cheibriados
Fedhas
Gozag
Hepliaklqana
Makhleb
Nemelex Xobeh
Okawaru
Qazlal
Ru
Sif Muna
Trog
Uskayaw
Vehumet
Wu Jian
Xom
Yredelemnul
Zin
The Shining One

Shops:
D:5 [


Innate Abilities, Weirdness & Mutations

You are too large for most types of armour.
You have claws for hands.
Your natural rate of healing is unusually fast.
You are covered in fur. (AC +1)
You have extremely tough skin. (AC +3)


Message History

The orc warrior hits you with a +0 trident!
You block the orc's attack.
You claw the orc warrior!
The orc warrior is severely wounded.
You scratch the orc.
The orc is heavily wounded.
You scratch the orc warrior but do no damage.
The orc warrior is severely wounded.
The orc misses you.
The orc warrior hits you with a +0 trident!
The orc priest miscasts a cantrip.
You claw the orc!
You kill the orc!
You scratch the orc warrior.
The orc warrior is almost dead.
The orc warrior hits you with a +0 trident!!
* * * LOW HITPOINT WARNING * * *
The orc priest invokes the aid of Beogh against you.
Beogh smites you!
You die...

##.............##
#....##.#...<#...........
......#...###........^...
......... ##....!......
......... #..........##
........######........##
........##.##....##.###
........##........###
........@o....#....#
...#..###o.....#.....#
#.##...##...####.(#
#..#...o.o.#...# ....
#.....o........# .##
....o........#### #
...?.....#..##
...o.....#...#
...###.......#


You could see an orc warrior and 2 orc priests.

Vanquished Creatures
  Prince Ribbit (D:5)
  Duvessa (D:5)
  An orc warrior (D:6)
  2 ogres
  4 centaurs
  2 bullfrogs (D:6)
  A wyvern zombie (D:5)
  Dowan (D:5)
  3 scorpions
  3 orc priests
  3 hounds
  A jelly (D:5)
  4 orc wizards
  Ijyb (D:3)
  An iguana (D:6)
  4 worker ants
  A worker ant zombie (D:6)
  5 adders
  A white imp (D:6)
  An ufetubus (D:6)
  An ooze (D:3)
  2 worms
  2 dart slugs
  6 leopard geckos
  25 orcs
  3 giant cockroaches
  6 goblins
  6 hobgoblins
  3 jackals (D:6)
  4 quokkas
  A ball python (D:6)
  12 bats
  9 frilled lizards
  A jackal skeleton (D:4)
  5 kobolds
  A leopard gecko skeleton (D:6)
  8 rats
136 creatures vanquished.

Notes
Turn   | Place    | Note
-------+----------+-------------------------------------------
     0 | D:1      | KristoblXynda the Troll Hedge Wizard began the quest for
                  | the Orb.
     0 | D:1      | Reached XP level 1. HP: 16/16 MP: 2/2
    33 | D:1      | Reached skill level 1 in Conjurations
    94 | D:1      | Reached skill level 1 in Unarmed Combat
   139 | D:1      | Reached XP level 2. HP: 24/24 MP: 4/4
   712 | D:2      | Reached XP level 3. HP: 31/31 MP: 5/5
   907 | D:2      | Reached skill level 2 in Unarmed Combat
  1358 | D:3      | Noticed Ijyb
  1370 | D:3      | Killed Ijyb
  1370 | D:3      | Reached XP level 4. HP: 20/39 MP: 6/6
  1418 | D:3      | Learned a level 3 spell: Mephitic Cloud
  1669 | D:3      | Reached skill level 3 in Unarmed Combat
  1810 | D:3      | Reached XP level 5. HP: 30/45 MP: 7/7
  2344 | D:4      | Noticed a centaur
  2345 | D:4      | Noticed an ogre
  2359 | D:4      | Killed a centaur
  2359 | D:4      | Reached skill level 4 in Unarmed Combat
  2359 | D:4      | Reached XP level 6. HP: 37/53 MP: 8/8
  2885 | D:5      | Entered Level 5 of the Dungeon
  2917 | D:5      | Reached skill level 5 in Unarmed Combat
  2917 | D:5      | Reached XP level 7. HP: 43/59 MP: 9/9
  3094 | D:5      | Noticed Duvessa
  3095 | D:5      | Noticed Dowan
  3111 | D:5      | Killed Duvessa
  3115 | D:5      | Killed Dowan
  3255 | D:5      | Reached skill level 6 in Unarmed Combat
  3296 | D:5      | Found Caebbim's Antique Armour Boutique.
  3335 | D:5      | Noticed Prince Ribbit
  3347 | D:5      | Killed Prince Ribbit
  3347 | D:5      | Reached skill level 5 in Conjurations
  3347 | D:5      | Reached XP level 8. HP: 67/67 MP: 10/10
  3540 | D:5      | Found a sacrificial altar of Ru.
  3549 | D:5      | Found a snail-covered altar of Cheibriados.
  3558 | D:5      | Found a shattered altar of Ashenzari.
  3566 | D:5      | Became a worshipper of Ashenzari the Shackled
  3849 | D:6      | Found a burning altar of Makhleb.
  3976 | D:6      | Reached skill level 7 in Unarmed Combat
  4180 | D:6      | Found a staircase to the Ecumenical Temple.
  4388 | D:6      | Reached skill level 8 in Unarmed Combat
  4754 | Temple   | Entered the Ecumenical Temple
  4975 | D:7      | Killed from afar by an orc priest

Illustrated notes

Levels and vault maps discovered:
D:1:      dpeg_arrival_simpleton_a, layout_basic
D:2:      layout_basic
D:3:      layout_basic, uniq_ijyb
D:4:      layout_basic
D:5:      layout_cave_pools, minmay_overflow_temple_star_quad, serial_shops,
          nicolae_shop_stone, uniq_duvessa, uniq_prince_ribbit1
D:6:      layout_loops_ring, minmay_temple_entry_large_hall, basic_altar
D:7:      layout_cave_pools, gammafunk_temple_overflow_pools, serial_shops,
          shop, hangedman_misty_isle
Temple:   regret_index_temple_sphere_string

Skill      XL: |  1  2  3  4  5  6  7  8 |
---------------+-------------------------+-----
Conjurations   | 1 2 3 5 6 |  6.2
Unarmed Combat | 1 2 3 4 5 6 8 |  8.1
Dodging        | |  1.5
Stealth        | |  1.0
Spellcasting   | |  2.0
Summonings     | |  0.6
Translocations | |  0.6

Action                   |  1- 3 |  4- 6 |  7- 9 || total
-------------------------+-------+-------+-------++-------
Melee: Unarmed           |   120 |   175 |   178 ||   473
       Punch             |       |     1 |     4 ||     5
Invok: Curse Item        |       |       |     1 ||     1
  Use: Scroll            |       |     7 |     6 ||    13
 Stab: Sleeping          |     3 |     3 |     3 ||     9
Armor: Robe              |    51 |    60 |    64 ||   175
Dodge: Dodged            |    81 |    78 |    69 ||   228
Block: Other             |       |    20 |    39 ||    59
       Reflection        |       |       |     1 ||     1

Table legend: (Time is in decaauts)
 A = Elapsed time spent in this place.
 B = Non-inter-level travel time spent in this place.
 C = Inter-level travel time spent in this place.
 D = Time resting spent in this place.
 E = Time spent auto-exploring this place.
 F = Levels seen in this place.
 G = Mean time per level.
                   A        B        C        D        E       F      G
               +--------+--------+--------+--------+--------+-----+--------+
         Total |   4942 |   4760 |    182 |    782 |   2750 |   8 |  617.8 |
       Dungeon |   4803 |   4628 |    175 |    782 |   2620 |   7 |  686.1 |
        Temple |    138 |    131 |      7 |      0 |    130 |   1 |  138.0 |
               +--------+--------+--------+--------+--------+-----+--------+

Top non-repeatable levels by time:
     D:6: 969 daAuts
     D:5: 895 daAuts
     D:3: 887 daAuts
     D:2: 803 daAuts
     D:4: 701 daAuts
     D:1: 483 daAuts
  Temple: 138 daAuts
     D:7: 62 daAuts
